 Dungeon Crawl Stone Soup version 0.23.2-1-ga50397a (webtiles) character file.

Game seed: 8839971189835978354

47 Wander the Grasshopper (level 3, -5/27 HPs)
             Began as a Human Wanderer on May 1, 2019.
             Killed from afar by Natasha (6 damage)
             ... with a magic dart
             ... on level 2 of the Dungeon.
             The game lasted 00:09:05 (2605 turns).

Wander the Grasshopper (Human Wanderer)             Turns: 2605, Time: 00:09:07

Health: -5/27      AC:  2    Str:  8 (11) XL:     3   Next: 97%
Magic:  4/4        EV: 11    Int: 14 (15) God:
Gold:   117        SH:  0    Dex: 10 (11) Spells: 1/4 levels left

rFire    . . .     SeeInvis .   b - +0 hunting sling
rCold    . . .     Gourm    .   (no shield)
rNeg     . . .     Faith    .   d - +0 robe
rPois    .         Spirit   .   (no helmet)
rElec    .         Reflect  .   (no cloak)
rCorr    .         Harm     .   (no gloves)
MR       .....                  (no boots)
Stlth    +.........             (no amulet)
HPRegen  0.09/turn              (no ring)
MPRegen  0.09/turn              (no ring)

@: slowed, very slow
A: no striking features
a: no special abilities


You were on level 2 of the Dungeon.
You were near starving.

You visited 1 branch of the dungeon, and saw 2 of its levels.

You collected 117 gold pieces.

Inventory:

Hand Weapons
 a - a +0 whip
 b - a +0 hunting sling (weapon)
Missiles
 i - 96 stones (quivered)
Armour
 d - a +0 robe (worn)
Scrolls
 c - 4 scrolls of teleportation
 g - a scroll of blinking {unknown}
 j - a scroll of amnesia {unknown}
 l - a scroll of identify {unknown}
 p - a scroll of noise {unknown}
Potions
 e - 2 potions of heal wounds
 h - 2 potions of might
 m - a potion of degeneration
Comestibles
 f - a ration


   Skills:
 - Level 2.2 Fighting
   Level 1.0 Axes
 + Level 1.9(2.1) Slings
 - Level 1.0(1.6) Throwing
 - Level 2.0 Armour
 - Level 1.0 Spellcasting
   Level 1.0 Charms
 - Level 3.0 Translocations
   Level 1.0 Evocations


You had one spell level left.
You knew the following spells:

 Your Spells              Type           Power        Failure   Level  Hunger
a - Beastly Appendage     Tmut           #.....       26%         1    ##.....
b - Blink                 Tloc           N/A          12%         2    ###....

Your spell library contained the following spells:

 Spells                   Type           Power        Failure   Level  Hunger
 Shroud of Golubria       Chrm/Tloc      #.........   17%         2    ###....
 Gell's Gravitas          Tloc           #.........   22%         3    ####...
 Lesser Beckoning         Tloc           #.........   22%         3    ####...
 Teleport Other           Tloc           #.......     22%         3    ####...
 Passage of Golubria      Tloc           N/A          58%         4    #####..
 Ignite Poison            Fire/Tmut/Pois #.......     61%         3    ####...


Dungeon Overview and Level Annotations

Branches:
Dungeon (2/15)

Altars:

Annotations:
D:2 Natasha


Message History

Aim: Natasha You shoot a stone.
The stone closely misses Natasha.
Firing (i - inventory)
i - 98 stones (quivered)
Press: ? - help, Shift-Dir - straight line, f/p - Natasha
Aim: Natasha You shoot a stone.
The stone hits Natasha.
Natasha is lightly wounded.
Natasha stares at you and mumbles some strange words.
You feel yourself slow down.
Firing (i - inventory)
i - 97 stones (quivered)
Press: ? - help, Shift-Dir - straight line, f/p - Natasha
Aim: Natasha (lightly wounded)
You shoot a stone. The stone barely misses Natasha.
Natasha claws you.
* * * LOW HITPOINT WARNING * * *
Natasha claws you.
* * * LOW HITPOINT WARNING * * *
Natasha casts a spell at you. The magic dart hits you.
You die...

### ####### #.# #.....# #<#
##### #.....# #h# #...# #.....#
########.######...###.....###
............@................
########.#####h..............
######l#........###....#... #
#..h...#.####...###....#...
.......#####.#.............#'##
....... #.#.#...............
....... #.# #...............
....... #(# #.........[.....
......(#####.# #...............


You could see Natasha.

Vanquished Creatures
  2 adders (D:2)
  A worm (D:2)
  2 dart slugs (D:1)
  3 bats
  2 giant cockroaches
  2 jackals (D:2)
  5 kobolds
  2 ball pythons
  3 frilled lizards
  3 rats
25 creatures vanquished.

Notes
Turn   | Place    | Note
-------+----------+-------------------------------------------
     0 | D:1      | Wander the Human Wanderer began the quest for the Orb.
     0 | D:1      | Wander set off with the following items: a +0 club, a
                  | scroll of teleportation, a +0 robe, a ration; and the
                  | following spell memorised: Beastly Appendage; and the
                  | following spells available to memorise: Blink, Shroud of
                  | Golubria, Gell's Gravitas, Lesser Beckoning, Teleport
                  | Other, Passage of Golubria, Ignite Poison
     0 | D:1      | Reached XP level 1. HP: 13/13 MP: 2/2
   247 | D:1      | Reached skill level 1 in Fighting
   311 | D:1      | Reached XP level 2. HP: 21/21 MP: 3/3
   315 | D:1      | Learned a level 2 spell: Blink
  1158 | D:2      | Noticed Natasha
  1437 | D:2      | Reached XP level 3. HP: 27/27 MP: 4/4
  1474 | D:2      | Reached skill level 1 in Slings
  1897 | D:2      | HP: 1/27 [gnoll (7)]
  1952 | D:1      | HP: 1/27 [gnoll (5)]
  2603 | D:2      | HP: 1/27 [Natasha (6)]
  2605 | D:2      | Killed from afar by Natasha

Skill      XL: |  1  2  3 |
---------------+----------+-----
Fighting       | 1 2 |  2.2
Slings         | 1 |  1.9
Axes           | |  1.0
Throwing       | |  1.0
Armour         | |  2.0
Spellcasting   | |  1.0
Charms         | |  1.0
Translocations | |  3.0
Evocations     | |  1.0

Action                   || total
-------------------------++-------
Melee: Short sword       ||     8
       Club              ||     5
       Whip              ||    27
 Fire: Hunting sling     ||    74
  Use: Potion            ||     5
  Eat: Chunk             ||     3
Armor: Robe              ||    15
       Skin              ||     4
Dodge: Dodged            ||    46
